Unix NetHack Version 3.7.0-65 Work-in-progress - last build Sep 26 2022 05:48:34 (a9070be95fe145525c880ceec589f5104d392f49,branch:master). Game began 2022-09-26 15:18:01, ended 2022-09-26 18:44:59. aerth, neutral female human Monk ----------- ---- |.........| -------->.-- |.........| |..1.......| |....%....| |.-.-----..| |....<....| |.00|.+.|..| |.........| |-.........| |.........| |..|..00...| |.........| |.--..----.| |.........| --.|).......| ||------------)@C..-.---.| |................-...|...| ----------------.........| |..|..----- ------- Aerth the Student of Stones St:18 Dx:18 Co:18 In:10 Wi:18 Ch:13 Neutral Dlvl:7 $:0 HP:0(67) Pw:34(62) AC:1 Xp:10/8811 T:8824 Latest messages: The scorpion hits! The scorpion hits! The scorpion misses! You kill the scorpion! O - a scroll called ew. You see here a scorpion corpse. What do you want to use or apply? [bdhtHSV or ?*] You put a scroll called ew into the bag. You kill the gnome! You kill the hobbit! P - a wire ring. You hit the quantum mechanic! The quantum mechanic hits! You hit the quantum mechanic! You hit the quantum mechanic! The quantum mechanic hits! You hit the quantum mechanic! The quantum mechanic hits! You kill the quantum mechanic! You hit the rabid rat! The rabid rat bites! The rabid rat's bite was poisoned! The poison doesn't seem to affect you. You kill the rabid rat! You hit the rock mole! You kill the rock mole! You see here 8 shuriken. The gnome hits! You kill the gnome! You descend the stairs. Where do you want to travel to? (For instructions type a '?') You hit the iron piercer! You hit the iron piercer! The iron piercer bites! You kill the iron piercer! The mountain centaur throws a stout spear! You are hit by a stout spear. The mountain centaur swings her runed broadsword. The mountain centaur hits! The mountain centaur kicks! The mountain centaur kicks! The mountain centaur swings her runed broadsword. The mountain centaur hits! The mountain centaur just misses! The mountain centaur kicks! You hit the mountain centaur! The mountain centaur swings her runed broadsword. The mountain centaur hits! You die... Inventory: Weapons (')') z - 9 uncursed +1 ya Armor ('[') m - a blessed greased +0 helm of brilliance (being worn) a - an uncursed very burnt +2 pair of leather gloves (being worn) w - a blessed +1 pair of iron shoes (being worn) R - an uncursed greased +1 robe (being worn) Comestibles ('%') M - an uncursed banana k - 2 uncursed lizard corpses Rings ('=') P - an uncursed ring of regeneration Tools ('(') b - an uncursed bag of holding containing 57 items V - an uncursed can of grease (0:4) S - an uncursed lock pick H - an uncursed magic marker (0:83) d - an uncursed stethoscope t - an uncursed towel h - an uncursed +0 unicorn horn Contents of the bag of holding: 4784 gold pieces a cursed amulet of change an uncursed haggis 6 uncursed apples an uncursed food ration 5 uncursed fortune cookies an uncursed melon 5 uncursed oranges an uncursed tin of dingo meat an uncursed egg an uncursed egg an uncursed lizard corpse an uncursed scroll of blank paper an uncursed scroll of create monster a cursed scroll of create monster 2 cursed scrolls of earth an uncursed scroll of enchant armor a blessed scroll of enchant weapon an uncursed scroll of enchant weapon 2 uncursed scrolls of enchant weapon an uncursed scroll of fire 2 uncursed scrolls of food detection a blessed spellbook of healing an uncursed potion of enlightenment a cursed potion of extra healing a cursed potion of gain ability an uncursed potion of gain energy a cursed potion of gain energy an uncursed potion of hallucination a blessed potion of healing a cursed potion of levitation 2 uncursed potions of object detection a blessed potion of restore ability an uncursed potion of restore ability 2 uncursed potions of restore ability a cursed potion of sleeping a potion of holy water an uncursed -1 ring of adornment a cursed ring of aggravate monster an uncursed ring of poison resistance an uncursed ring of slow digestion an uncursed ring of stealth an uncursed ring of teleport control an uncursed ring of teleport control an uncursed wand of cold (0:0) an uncursed wand of create monster (0:12) an uncursed wand of digging (0:4) an uncursed wand of fire (0:0) a cursed wand of polymorph (0:7) an uncursed wand of secret door detection (0:10) an uncursed aquamarine stone an uncursed dilithium crystal an uncursed obsidian stone an uncursed worthless piece of green glass an uncursed worthless piece of red glass 2 uncursed worthless pieces of white glass 3 uncursed worthless pieces of yellow glass Aerth the Monk's attributes: Background: You were a Student of Stones, a level 10 female human Monk. You were neutral, on a mission for Chih Sung-tzu who was opposed by Shan Lai Ching (lawful) and Huan Ti (chaotic). You were in Sokoban, on level 7. You entered the dungeon 8824 turns ago. There was a new moon in effect when your adventure ended. You had 8811 experience points, 1189 more were needed to attain level 11. Basics: You had 0 out of 67 hit points. You had 34 out of 62 energy points (spell power). Your armor class was 1. Your wallet was empty. Autopickup was on for '$?!"=/*', with exceptions. Final Characteristics: Your strength was 18 (peak:18/02, limit:18/100). Your dexterity was 18 (limit:18). Your constitution was 18 (limit:18). Your intelligence was 10 (limit:18). Your wisdom was 18 (limit:18). Your charisma was 13 (limit:18). Final Status: You were not hungry. You were unencumbered. You were empty handed. You had expert skill with martial arts and could have enhanced that. Final Attributes: You were piously aligned. You were sleep resistant. You were poison resistant. You saw invisible. You were warned. You had automatic searching. You were stealthy. You were guarded. You were fast. You are dead. Miscellaneous: You disabled loading of bones levels. Total elapsed playing time was 1 hour, 7 minutes and 55 seconds. Major events: Turn 1: aerth the neutral female human Monk entered the dungeon 399: entered the Gnomish Mines 425: attained the rank of Novice (level 3) 848: reached Mine Town 881: attained the rank of Initiate (level 6) 3444: entered Sokoban 5654: completed 2nd Sokoban level 7201: attained the rank of Student of Stones (level 10) 7271: completed 3rd Sokoban level 8199: completed 4th Sokoban level 8713: acquired the Sokoban bag of holding 8824: killed by a mountain centaur Vanquished creatures: 2 giant mimics a long worm an elven monarch a doppelganger 2 couatls a stalker a giant zombie an elf-noble a warg 2 winter wolves 2 small mimics a glass piercer 2 ettin mummies an ogre leader 2 quantum mechanics 2 flaming spheres 3 shocking spheres 2 tengu 2 mountain centaurs a wraith a Grey-elf an amorous demon 2 giant beetles a cockatrice 4 wolves 2 leprechauns 3 iron piercers a scorpion a horse a vampire bat a gnome ruler a dwarf mummy a brown pudding an owlbear a yeti a gold golem 3 lizards a chickatrice a jaguar 2 dwarf leaders 2 white unicorns a black unicorn a raven 2 snakes 3 apes a human zombie a Woodland-elf a soldier ant a fire ant a quasit a water nymph a mountain nymph an orc shaman 5 rock piercers 2 rock moles 2 fog clouds a yellow light 8 gnome leaders 2 gnomish wizards a kobold mummy 4 elf zombies a ghoul a straw golem 2 floating eyes 7 dwarves a homunculus 2 kobold leaders a kobold shaman 6 hill orcs 2 rothes 2 rabid rats 3 centipedes a monkey 2 orc zombies a dwarf zombie 3 wererats a werejackal 3 iguanas 15 killer bees 3 coyotes 2 gas spores 4 hobbits 2 large kobolds a giant rat 8 cave spiders a brown mold a green mold a red mold 21 gnomes 2 gnome zombies a gecko 3 jackals a kobold 4 goblins 5 sewer rats 5 grid bugs a lichen 3 kobold zombies 5 newts 231 creatures vanquished. No species were genocided or became extinct. Voluntary challenges: You never hit with a wielded weapon. You read items or engraved 9 times. You engraved Elbereth 5 times. You never genocided any monsters. You never polymorphed an object. You never changed form. You used no wishes. You did not violate any of the special Sokoban rules. Achievements: You entered the Gnomish Mines. You attained the rank of Novice. You entered Minetown. You entered a temple. You attained the rank of Initiate. You entered a shop. You entered Sokoban. You attained the rank of Student of Stones. You completed Sokoban. The Dungeons of Doom: levels 1 to 9 Level 1: Level 2: Stairs down to The Gnomish Mines. Level 3: Some fountains. Level 4: Level 5: Many altars. Level 6: Level 7: A fountain. Level 8: Many fountains. Level 9: A fountain. Stairs up to Sokoban, level 8. The Gnomish Mines: levels 3 to 5 Level 3: Level 4: Level 5: Many shops, a temple, some fountains. Sokoban: levels 8 up to 5 Level 5: Solved. Level 6: Solved. Level 7: <- You were here. Solved. Final resting place for you, killed by a mountain centaur. Level 8: Unsolved. Game over: ---------- / \ / REST \ / IN \ / PEACE \ / \ | aerth | | 4784 Au | | killed by a | | mountain centaur | | | | | | 2022 | *| * * * | * _________)/\\_//(\/(/\)/\//\/|_)_______ Goodbye aerth the Monk... You died in Sokoban on dungeon level 7 with 30148 points, and 4784 pieces of gold, after 8824 moves. You were level 10 with a maximum of 67 hit points when you died.